[Event "Early-Titled-Tuesday-Blitz-January-30-2024"]
[Site "Chess.com"]
[Date "2024.01.30"]
[Round "9"]
[White "ChessSkool"]
[Black "Sethu0025"]
[Result "0-1"]
[WhiteElo "2702"]
[BlackElo "2869"]
[TimeControl "180+1"]
[EndTime "9:48:41 PST"]
[Termination "Sethu0025 won on time"]

1. d4 Nf6 2. Nf3 d5 3. c3 e6 4.
Bf4 c5 5. e3 Nc6 6. Nbd2 cxd4 7.
exd4 Nh5 8. Be3 Bd6 9. Bb5 Qb6 10.
c4 dxc4 11. a4 Qc7 12. Nxc4 Bb4+ 13. Bd2 Bxd2+ 14. Nfxd2 Nf4 15. Qg4 Nd3+ 16. Ke2 Nf4+ 17. Kf3 Ng6 18. Qg3 Qd7 19. Qd6 Nh4+ 20. Ke4 Nf5 21. Qxd7+ Bxd7 22. Nf3 O-O 23. g4 Nfe7 24. Nfe5 Rfd8 25. Nxd7 Rxd7 26. Rhd1 Rad8 27. Ke3 Rxd4 28. Rxd4 Rxd4 29. Rc1 f6 30. f3 Nd5+ 31. Ke2 Nf4+ 32. Ke3 Nd5+ 33. Ke2 Ncb4 34. Ne3 Nf4+ 35. Kf2 Nbd3+ 0-1

[Event "Early-Titled-Tuesday-Blitz-January-30-2024"]
[Site "Chess.com"]
[Date "2024.01.30"]
[Round "9"]
[White "Practical-Play"]
[Black "ljuks68"]
[Result "1-0"]
[WhiteElo "2603"]
[BlackElo "2436"]
[TimeControl "180+1"]
[EndTime "9:48:41 PST"]
[Termination "Practical-Play won by checkmate"]

1. e4 e6 2. d4 d5 3. Nd2 Nf6 4.
e5 Nfd7 5. Bd3 c5 6. c3 Nc6 7.
Ngf3 Qb6 8. dxc5 Nxc5 9. Bc2 Qc7 10. Qe2 Nd7 11. Ba4 Be7 12. O-O O-O 13. Re1 f6 14. exf6 Nxf6 15. Ng5 e5 16. c4 Ng4 17. Nh3 Nd4 18. Qd3 Bf5 19. Qg3 Bd6 20. c5 Bxc5 21.
Bd1 h5 22. Nf3 Rae8 23. Nh4 Bc8 24. Bd2 Qb6 25. b4 Bd6 26. Qc3 Nc6 27. Rf1 Bxb4 28. Qc1 Bc5 29. Rb1 Qc7 30. Be1 Qd6 31. Qg5 Rf6 32. Qxh5 Rh6 33. Qxe8+ Kh7 34. Ng5# 1-0

[Event "Early-Titled-Tuesday-Blitz-January-30-2024"]
[Site "Chess.com"]
[Date "2024.01.30"]
[Round "9"]
[White "Jumbo"]
[Black "HamedWafa4"]
[Result "1-0"]
[WhiteElo "2942"]
[BlackElo "2814"]
[TimeControl "180+1"]
[EndTime "9:48:42 PST"]
[Termination "Jumbo won by resignation"]

1. d4 Nf6 2. Nf3 e6 3. c4 Bb4+ 4. Bd2 Bxd2+ 5. Qxd2 O-O 6. Nc3 d6 7. e4 Nc6 8. Be2 e5 9. d5 Ne7 10. O-O Ng6 11. g3 a5 12. Kg2 Nd7 13. Ne1 Nc5 14. Nd3 b6 15. h4 f5 16. Nxc5 bxc5 17. exf5 Bxf5 18. h5 Ne7 19. h6 g6 20. f4 Qd7 21.
Kh2 exf4 22. Rxf4 Bh3 23. g4 Rxf4 24. Qxf4 Rf8 25. Qg3 g5 26. Qxh3 Ng6 27. Rf1 Nf4 28. Qe3 Rf6 29. Kg1 Rxh6 30. Rxf4 gxf4 31. Qxf4 Rg6 32.
Ne4 Qe7 33. Kf2 Qh4+ 34. Ke3 Qe1 35. g5 Qc1+ 36. Kf3 Qh1+ 37. Kf2 Kg7 38. Bg4 Qh4+ 39.
Kg2 h5 40. gxh6+ Qxh6 41. Qxh6+ Kxh6 42. Kf3 Kg7 43. a4 Kf7 44. Bh5 1-0

[Event "Early-Titled-Tuesday-Blitz-January-30-2024"]
[Site "Chess.com"]
[Date "2024.01.30"]
[Round "9"]
[White "vlad10898"]
[Black "Crazy_girl99"]
[Result "1-0"]
[WhiteElo "2813"]
[BlackElo "2618"]
[TimeControl "180+1"]
[EndTime "9:48:42 PST"]
[Termination "vlad10898 won by resignation"]

1. Nf3 d5 2. e3 Nf6 3. c4 c5 4.
cxd5 Nxd5 5. Nc3 Nc6 6. Bb5 e6 7. Ne5 Qc7 8. Qa4 Bd7 9. Bxc6 Bxc6 10. Nxc6 bxc6 11. b3 Nb4 12. O-O Rd8 13. Ba3 Bd6 14. h3 O-O 15. Bxb4 cxb4 16. Ne4 f5 17. Ng5 Rfe8 18.
Rac1 c5 19. d4 Qb6 20. Nf3 cxd4 21. Nxd4 Bc5 22. Nc6 Rc8 23. Ne5 Bd6 24. Rxc8 Rxc8 25. Qd7 Bxe5 26. Qxc8+ Kf7 27. Rd1 Bf6 28. Qd7+ Kg6 29.
Qe8+ Kh6 30. Qd7 Qa6 31. Qd2 Qb5 32. e4+ Kg6 33. exf5+ exf5 34. Qd3 Kh6 35. Qxb5 1-0

[Event "Early-Titled-Tuesday-Blitz-January-30-2024"]
[Site "Chess.com"]
[Date "2024.01.30"]
[Round "9"]
[White "Alexander_Donchenko"]
[Black "Zohid6"]
[Result "0-1"]
[WhiteElo "2932"]
[BlackElo "2876"]
[TimeControl "180+1"]
[EndTime "9:48:43 PST"]
[Termination "Zohid6 won by resignation"]

1. Nf3 Nf6 2. g3 d5 3. Bg2 Bg4 4. h3 Bh5 5. O-O c6 6. c4 e6 7.
d4 Nbd7 8. Nc3 dxc4 9. a4 Bb4 10.
Nd2 O-O 11. Nxc4 Nd5 12. Bd2 a5 13. Re1 N7b6 14. Ne5 f6 15. Nd3 Be7 16. Qb3 Rb8 17.
e4 Nb4 18. Nxb4 axb4 19. Ne2 Bf7 20. Bxb4 e5 21. Qa3 Bxb4 22. Qxb4 exd4 23. Nxd4 c5 24. Qxc5 Rc8 25. Qb4 Rc4 26. Qb5 Rxd4 27. a5 Nc4 28. e5 fxe5 29. Bxb7 Nd6 30. Qc6 Nxb7 31. Qxb7 Bd5 32.
Qb5 Qf6 33. Qe2 Re4 34. Qf1 Rxe1 35. Rxe1 Qf3 36. Kh2 Qxf2+ 37. Qxf2 Rxf2+ 38. Kg1 Rg2+ 39. Kf1 Rxb2 40. Rxe5 Bg2+ 41. Kg1 Bxh3 42. a6 Ra2 43. Re8+ Kf7 44. Ra8 Bg4 45. Ra7+ Kg6 46. Kf1 h5 47. Kg1 Be2 48. Re7 Bxa6 49. Re6+ Kh7 50. Re5 Kh6 51.
Re6+ g6 52. Re5 Bd3 53. Rd5 Bf5 54. Rd4 Kg5 55. Kf1 Bh3+ 56. Ke1 Rg2 57. Rd3 Bf5 58. Rb3 Kg4 0-1

[Event "Early-Titled-Tuesday-Blitz-January-30-2024"]
[Site "Chess.com"]
[Date "2024.01.30"]
[Round "9"]
[White "Susal_De_Silva"]
[Black "chito89"]
[Result "1-0"]
[WhiteElo "2769"]
[BlackElo "2884"]
[TimeControl "180+1"]
[EndTime "9:48:43 PST"]
[Termination "Susal_De_Silva won by resignation"]

1. e4 Nc6 2. d4 d6 3. Nf3 Nf6 4. Nc3 Bg4 5. Be2 e6 6. Be3 Be7 7. h3 Bh5 8. Nd2 Bg6 9. O-O d5 10. e5 Nd7 11. f4 O-O 12. Bg4 f5 13. exf6 Rxf6 14. Ne2 Bd6 15. c3 Qf8 16. Ng3 Re8 17. Qb3 Nb6 18. Rae1 Na5 19. Qd1 Nac4 20. Nxc4 Nxc4 21.
Bc1 c5 22. b3 Nb6 23. Be3 Kh8 24. dxc5 Bxc5 25. Bxc5 Qxc5+ 26. Qd4 Qxd4+ 27. cxd4 Bf7 28. Rc1 Nc8 29. Rc7 Nd6 30. Rd7 Nb5 31. Ne2 Rb8 32.
a4 Be8 33. Re7 Nd6 34. Rc1 Bc6 35. Bxe6 h5 36. g4 hxg4 37. hxg4 Rh6 38. g5 Rh4 39. Kg2 Ne4 40. Ng3 Rxf4 41. Rh1+ 1-0

[Event "Early-Titled-Tuesday-Blitz-January-30-2024"]
[Site "Chess.com"]
[Date "2024.01.30"]
[Round "9"]
[White "hakanazeri2"]
[Black "maciek_92"]
[Result "0-1"]
[WhiteElo "2616"]
[BlackElo "2802"]
[TimeControl "180+1"]
[EndTime "9:48:44 PST"]
[Termination "maciek_92 won on time"]

1. Nf3 d5 2. d4 Bg4 3. c4 Bxf3 4.
gxf3 c6 5. e4 Nf6 6. e5 Nfd7 7.
f4 e6 8. f5 exf5 9. cxd5 cxd5 10. Nc3 Bb4 11. Qb3 Nc6 12. Be3 f4 13. Bxf4 Nxd4 14. Qa4 O-O 15. O-O-O Bxc3 16. bxc3 Ne6 17. Rxd5 Qh4 18. Rxd7 Nc5 19. Qd4 Nxd7 20. Bg2 Rac8 21. Bxb7 Rc7 22. Bd5 Nb6 23. Bb3 Rd8 24. Qe4 Rxc3+ 25.
Kb2 Rcd3 26. e6 Qxf2+ 27. Ka3 Qc5+ 28. Kb2 Qf2+ 29. Ka3 Qc5+ 30. Kb2 Qc3+ 31. Ka3 Nc4+ 32. Qxc4 Qxc4 33. exf7+ Kf8 0-1

[Event "Early-Titled-Tuesday-Blitz-January-30-2024"]
[Site "Chess.com"]
[Date "2024.01.30"]
[Round "9"]
[White "AlexTruskavetsky"]
[Black "Cheer_Down"]
[Result "1-0"]
[WhiteElo "2695"]
[BlackElo "2467"]
[TimeControl "180+1"]
[EndTime "9:48:44 PST"]
[Termination "AlexTruskavetsky won by resignation"]

1. d4 Nf6 2. c4 e6 3. Nc3 Bb4 4. e3 O-O 5. a3 Bxc3+ 6. bxc3 c5 7. Bd3 Nc6 8. Ne2 b6 9. O-O Ba6 10. e4 Ne8 11. f4 f5 12. exf5 exf5 13. Ng3 g6 14. dxc5 bxc5 15. Be2 Nf6 16. Be3 d6 17. Bf3 Rc8 18. Qa4 Bb7 19. Rab1 Ba8 20. Rfd1 Qc7 21. Rd2 Rfe8 22. Bf2 Ne4 23. Bxe4 fxe4 24. Nf1 Ne7 25. Rbd1 Nf5 26. Ne3 Nxe3 27. Bxe3 Bc6 28. Qc2 Red8 29.
Rf2 Rf8 30. Rfd2 Rfd8 31. f5 gxf5 32. Bf4 Qf7 33. Rxd6 Rxd6 34. Rxd6 e3 35. Bxe3 Be4 36. Qf2 Rb8 37. h4 Qg7 38. Rd1 Qg4 39. Re1 Rc8 40. Bf4 Rc6 41. Re3 Rg6 42. Rg3 Qd1+ 43. Kh2 Rg4 44. Qxc5 Rxg3 45. Bxg3 Qe2 46. Qc8+ Kf7 47. Qd7+ Kg8 48. Qe6+ Kg7 49. Be5+ Kf8 50. Bd6+ Kg7 51. Qe5+ Kf7 52. Qg3 Qxc4 53. Be5 Qe6 54. Qg7+ Ke8 55.
Bg3 Qg6 56. Qxa7 Qg4 57. Qxh7 Qe2 58. Qg8+ Kd7 59. Bf4 Qh5 60. Qg5 Qxg5 61. Bxg5 1-0

[Event "Early-Titled-Tuesday-Blitz-January-30-2024"]
[Site "Chess.com"]
[Date "2024.01.30"]
[Round "9"]
[White "Manukyan_Artak"]
[Black "amanjazu"]
[Result "0-1"]
[WhiteElo "2592"]
[BlackElo "2455"]
[TimeControl "180+1"]
[EndTime "9:48:44 PST"]
[Termination "amanjazu won on time"]

1. e4 Nf6 2. Nc3 e5 3. Nf3 Nc6 4. d4 exd4 5. Nxd4 Bb4 6. Nxc6 bxc6 7. Bd3 d5 8. O-O Bxc3 9. bxc3 dxe4 10. Bc4 Qxd1 11. Rxd1 O-O 12. Bf4 Bg4 13. Rd4 Rac8 14. Re1 Rfe8 15. h3 Bf5 16. Bb3 h6 17. Ra4 Nd5 18. Bd2 Ra8 19. g4 Bg6 20. Ra6 Nb6 21.
a4 Red8 22. Bf4 Nd5 23. Bd2 Rd6 24. c4 Nb6 25. Bb4 Rf6 26. c5 Nd5 27. Bd2 Rd8 28. Bc4 Rf3 0-1

[Event "Early-Titled-Tuesday-Blitz-January-30-2024"]
[Site "Chess.com"]
[Date "2024.01.30"]
[Round "9"]
[White "ahkashefi2800"]
[Black "NikolaGry"]
[Result "1-0"]
[WhiteElo "2580"]
[BlackElo "2703"]
[TimeControl "180+1"]
[EndTime "9:48:45 PST"]
[Termination "ahkashefi2800 won by resignation"]

1. Nf3 c5 2. g3 b6 3. Bg2 Bb7 4. O-O Nf6 5. c3 e6 6. d4 Be7 7.
Bg5 O-O 8. Qc2 Be4 9. Qd1 d5 10. Nbd2 Bg6 11. Ne5 Nbd7 12. Nxg6 hxg6 13. h4 Rc8 14. e3 b5 15. a3 a5 16. Re1 Qb6 17. Bf3 b4 18. axb4 cxb4 19. Rc1 Rfe8 20. c4 dxc4 21.
Nxc4 Qb5 22. b3 Nb6 23. Nxb6 Qxb6 24. Qe2 Rc7 25. Rxc7 Qxc7 26. Qa2 Nd5 27. Bxd5 exd5 28.
Qa4 Ra8 29. Bxe7 Qxe7 30. Qb5 Qd8 31. Rc1 Rb8 32. Qc6 Kh7 33. Rc5 Rb6 34. Qa4 Ra6 35. Qb5 Rf6 36. Qxa5 Qd7 37. Qxb4 Qf5 38. Qe1 g5 39. e4 Qf3 40. hxg5 Re6 41. e5 Qxb3 42. Qe2 g6 43. Kg2 Kg7 44. Qf3 1-0

[Event "Early-Titled-Tuesday-Blitz-January-30-2024"]
[Site "Chess.com"]
[Date "2024.01.30"]
[Round "9"]
[White "dcann0n88"]
[Black "karinachess1"]
[Result "0-1"]
[WhiteElo "2463"]
[BlackElo "2632"]
[TimeControl "180+1"]
[EndTime "9:48:45 PST"]
[Termination "karinachess1 won by resignation"]

1. d4 Nf6 2. c4 e6 3. g3 d5 4. Nf3 dxc4 5. Bg2 Nc6 6. O-O Rb8 7. e3 b5 8. b3 cxb3 9. axb3 a6 10. Qc2 Nb4 11. Qe2 Be7 12. Ne5 Bb7 13. Bd2 Bxg2 14. Kxg2 Rb6 15. Nc3 O-O 16. Rfc1 c5 17.
dxc5 Bxc5 18. Nd1 Qd5+ 19. Nf3 Nd3 20. Rc3 Rd6 21. Kg1 Ne4 22. Rc2 Qxb3 23. Rca2 Ra8 24. Nd4 Bxd4 25. exd4 Rxd4 26. Be3 Rd7 27. Bb6 Nf6 28.
Rxa6 Rxa6 29. Rxa6 h6 30. Ra1 b4 31. Ne3 Qc3 32. Rd1 b3 33. Ba5 Nc1 34. Qf1 Qxa5 35.
Rxc1 Ne4 36. Qc4 Nd2 37. Qc8+ Rd8 38. Qc7 Qxc7 39. Rxc7 b2 0-1

[Event "Early-Titled-Tuesday-Blitz-January-30-2024"]
[Site "Chess.com"]
[Date "2024.01.30"]
[Round "9"]
[White "PavelShkapenko"]
[Black "Lady_Nika"]
[Result "1-0"]
[WhiteElo "2767"]
[BlackElo "2583"]
[TimeControl "180+1"]
[EndTime "9:48:47 PST"]
[Termination "PavelShkapenko won by checkmate"]

1. e4 e6 2. d4 d5 3. exd5 exd5 4.
Nf3 Nf6 5. Bd3 Bd6 6. O-O O-O 7. Bg5 Nbd7 8. Nbd2 c6 9. c4 Qc7 10. c5 Bf4 11.
Bxf4 Qxf4 12. Re1 b6 13. b4 a5 14. b5 Bb7 15. cxb6 Nxb6 16. Rb1 cxb5 17. Rxb5 Ba6 18.
Bxh7+ Nxh7 19. Rxb6 Bd3 20. Qb3 Be4 21. Nxe4 dxe4 22.
Ne5 Rad8 23. Ng6 a4 24. Ne7+ Kh8 25. Qxa4 Rfe8 26. Nc6 Ra8 27. Qc2 e3 28. Ne5 Qxd4 29.
Nxf7+ Kg8 30. Nh6+ gxh6 31. Rg6+ Kh8 32. f3 e2+ 33.
Kh1 Rad8 34. Rxh6 Qd1 35. Qxh7# 1-0

[Event "Early-Titled-Tuesday-Blitz-January-30-2024"]
[Site "Chess.com"]
[Date "2024.01.30"]
[Round "9"]
[White "Doublekk14"]
[Black "Yurasova_Daria"]
[Result "1-0"]
[WhiteElo "2281"]
[BlackElo "2428"]
[TimeControl "180+1"]
[EndTime "9:48:47 PST"]
[Termination "Doublekk14 won by resignation"]

1. c4 e5 2. Nc3 Bb4 3. e3 Bxc3 4. bxc3 Ne7 5. Qc2 O-O 6. d3 d6 7. e4 c6 8. Nf3 Be6 9. Be2 Nd7 10. Be3 Ng6 11.
d4 Nf6 12. h3 Re8 13. Rd1 Qc7 14. d5 cxd5 15. cxd5 Bd7 16. O-O Rec8 17. c4 b5 18.
Nd2 bxc4 19. Qxc4 Qxc4 20. Bxc4 Ne7 21. Rc1 Be8 22. Ba6 Rxc1 23. Rxc1 Nd7 24. Nc4 f5 25.
Nxd6 Nf6 26. Rc7 Kf8 27. Bc5 fxe4 28. Nxe8 Rxe8 29. d6 Nfd5 30. dxe7+ Kf7 31. Rxa7 Nf6 32. Bc4+ Kg6 33. Bb5 Rc8 34. Be3 Rb8 35. a4 Kf5 36. Rc7 Nd5 37. e8=Q Rxe8 38. Rf7+ Ke6 39. Bxe8 1-0

[Event "Early-Titled-Tuesday-Blitz-January-30-2024"]
[Site "Chess.com"]
[Date "2024.01.30"]
[Round "9"]
[White "PetrolulSah"]
[Black "RCone"]
[Result "0-1"]
[WhiteElo "2214"]
[BlackElo "2400"]
[TimeControl "180+1"]
[EndTime "9:48:47 PST"]
[Termination "RCone won by resignation"]

1. d4 d6 2. g3 Nf6 3. Bg2 g6 4. c4 Bg7 5. Nc3 O-O 6. e4 e5 7.
d5 a5 8. h3 Na6 9. Nf3 Nd7 10.
O-O h6 11. Ne1 f5 12. Nd3 Ndc5 13. f4 Nxd3 14. Qxd3 Nc5 15. Qe2 exf4 16. Bxf4 g5 17. Bd2 Qf6 18. Kh2 Qg6 19. Nb5 Rf7 20. exf5 Bxf5 21.
Bc3 Bxc3 22. Nxc3 Bd3 23. Qe3 Bxf1 24. Bxf1 Qc2+ 25. Bg2 Rf2 26. Rg1 Raf8 27. Nb5 Qh7 28.
Nd4 Rxb2 29. Ne6 Nxe6 30. dxe6 Qe7 31. Kh1 Rff2 32. Qe4 Kg7 33. Qd4+ Qf6 34. Qe4 Rbe2 35. Qd3 Qxe6 36. Qb3 b6 37. Qc3+ Kg8 38. Qd3 Qxh3+ 0-1

[Event "Early-Titled-Tuesday-Blitz-January-30-2024"]
[Site "Chess.com"]
[Date "2024.01.30"]
[Round "9"]
[White "HansOnTwitch"]
[Black "artooon"]
[Result "1-0"]
[WhiteElo "3212"]
[BlackElo "3019"]
[TimeControl "180+1"]
[EndTime "9:48:48 PST"]
[Termination "HansOnTwitch won on time"]

1. e4 e5 2. Nf3 Nc6 3. Bc4 Nf6 4. d3 Bc5 5. O-O O-O 6. Re1 a6 7. h3 h6 8. c3 d6 9. Nbd2 Be6 10. Bxe6 fxe6 11.
b4 Ba7 12. a4 a5 13. b5 Ne7 14. Nc4 Bc5 15. Bd2 Ng6 16. d4 exd4 17. cxd4 Bb4 18.
Bxb4 axb4 19. Qb3 Nf4 20. Ncd2 Qe8 21. g3 Nxh3+ 22. Kg2 Ng5 23. Nxg5 hxg5 24. Nf3 Ng4 25. Ra2 Qg6 26. a5 Rf7 27. a6 bxa6 28. bxa6 c5 29.
e5 c4 30. Qxc4 d5 31. Qxb4 Qh5 32. Qc3 Raf8 33. Rh1 Qg6 34. a7 Ra8 35. Qc6 Rff8 36. Ra6 1-0

[Event "Early-Titled-Tuesday-Blitz-January-30-2024"]
[Site "Chess.com"]
[Date "2024.01.30"]
[Round "9"]
[White "mbchess97"]
[Black "SahibSinghKnight"]
[Result "1-0"]
[WhiteElo "2440"]
[BlackElo "2656"]
[TimeControl "180+1"]
[EndTime "9:48:49 PST"]
[Termination "mbchess97 won by checkmate"]

1. c4 e6 2. g3 d5 3. Bg2 dxc4 4. Qa4+ Bd7 5. Qxc4 Bc6 6. Nf3 Nf6 7. O-O b5 8. Qc2 a6 9. d3 Bb7 10. a4 b4 11. Nbd2 Nbd7 12. Nc4 a5 13. e4 Be7 14.
Bf4 Nh5 15. Be3 O-O 16. d4 f5 17. exf5 exf5 18. Nce5 Nxe5 19. dxe5 f4 20. Rad1 Qc8 21.
Bc1 Ra6 22. Qb3+ Kh8 23. Nd4 Bxg2 24. Kxg2 Rg6 25. e6 Bd6 26. Qd5 Nf6 27. Qc6 fxg3 28.
fxg3 h5 29. Rf5 h4 30. Rdf1 hxg3 31. h3 Kg8 32. Qc4 Qb7+ 33. Kg1 g2 34. e7+ Rf7 35. e8=Q+ Nxe8 36. Qxf7+ Kh7 37. Rh5+ Rh6 38. Rxh6# 1-0

[Event "Early-Titled-Tuesday-Blitz-January-30-2024"]
[Site "Chess.com"]
[Date "2024.01.30"]
[Round "9"]
[White "NastyaHn"]
[Black "otrov-11"]
[Result "1-0"]
[WhiteElo "2393"]
[BlackElo "2485"]
[TimeControl "180+1"]
[EndTime "9:48:50 PST"]
[Termination "NastyaHn won by resignation"]

1. Nc3 Nc6 2. d4 d5 3. Nf3 Bf5 4. a3 e6 5. Bf4 Nf6 6. e3 Bd6 7.
Ne5 Ne7 8. Bd3 a6 9. Qd2 c5 10. dxc5 Bxc5 11. Bxf5 Nxf5 12. g4 Nd6 13. f3 O-O 14.
O-O-O b5 15. g5 Nd7 16. Nd3 Qb6 17. Nxc5 Nxc5 18. Qd4 Nf5 19. Qd2 Rac8 20. e4 dxe4 21.
fxe4 Nh4 22. Qd6 Rc6 23. Qd4 Ng6 24. Be3 Qc7 25. Kb1 Rb8 26. h4 e5 27. Qd2 b4 28.
axb4 Rxb4 29. Nd5 Rxb2+ 30. Kxb2 Na4+ 31. Kc1 Qc8 32. h5 Qf8 33. Qb4 Qc8 34. hxg6 Rxc2+ 35. Kb1 Nc3+ 36. Nxc3 Rxc3 37. gxh7+ Kh8 38. Rc1 1-0

[Event "Early-Titled-Tuesday-Blitz-January-30-2024"]
[Site "Chess.com"]
[Date "2024.01.30"]
[Round "9"]
[White "Sattarov_Bobur"]
[Black "SaqoChess_Twitch"]
[Result "0-1"]
[WhiteElo "2757"]
[BlackElo "2618"]
[TimeControl "180+1"]
[EndTime "9:48:51 PST"]
[Termination "SaqoChess_Twitch won on time"]

1. e4 c5 2. Nf3 d6 3. d4 cxd4 4. Nxd4 Nf6 5. f3 g6 6. Nc3 Bg7 7. Be3 O-O 8. Qd2 Nc6 9. g4 Nxd4 10. Bxd4 Be6 11. Nd5 Nxd5 12. exd5 Bxd4 13. dxe6 Bxb2 14.
exf7+ Kg7 15. Rb1 Bf6 16. Bc4 Rc8 17. Qd3 Qc7 18. Bb3 Qa5+ 19. Kf1 Rc3 20. Qe4 Qb6 21. Re1 Qc6 22. Kg2 a5 23. a4 d5 24. Bxd5 Rxc2+ 25. Kh3 Qc3 26. Re3 Qd2 27. f4 g5 28.
fxg5 Bxg5 29. Rd3 Qf2 30. Qe1 Qf6 31. Qa1 Rb2 32. Rf1 Qh6+ 33. Kg3 Qh4+ 34. Kf3 Qh3+ 35. Ke4 Qxg4+ 36. Ke5 Re2+ 0-1

[Event "Early-Titled-Tuesday-Blitz-January-30-2024"]
[Site "Chess.com"]
[Date "2024.01.30"]
[Round "9"]
[White "hsd2016"]
[Black "Kunalm64"]
[Result "0-1"]
[WhiteElo "2329"]
[BlackElo "2558"]
[TimeControl "180+1"]
[EndTime "9:48:51 PST"]
[Termination "Kunalm64 won by resignation"]

1. e4 c6 2. d4 d5 3. exd5 cxd5 4. Bd3 Nc6 5. c3 Qc7 6. Nf3 Bg4 7. h3 Bh5 8. Nbd2 e6 9. O-O Bd6 10. Re1 Nge7 11.
Qc2 Bg6 12. Bxg6 hxg6 13. Nf1 O-O-O 14. Ne3 Nf5 15. Nxf5 gxf5 16. b4 Nxb4 17. Qa4 Nc6 18. Rb1 b6 19. Be3 Na5 20. Nd2 f4 21. c4 fxe3 22.
fxe3 dxc4 23. Rec1 Qc6 24. Rxc4 Bc5 25. Qxc6+ Nxc6 26. Ne4 f5 27. Ng5 Nxd4 28. exd4 Rxd4 29. Rxd4 Bxd4+ 30. Kf1 e5 31. Nf7 Rf8 32. Nd6+ Kd7 33. Nb5 Bc5 34. Rd1+ Ke6 35. Nc7+ Kf6 36. Rd7 Rf7 37.
Ne8+ Kg6 38. Rd5 Re7 39. Nd6 Rd7 40. Nc8 Rxd5 0-1

[Event "Early-Titled-Tuesday-Blitz-January-30-2024"]
[Site "Chess.com"]
[Date "2024.01.30"]
[Round "9"]
[White "agvega14"]
[Black "Quattroporte300"]
[Result "1-0"]
[WhiteElo "2164"]
[BlackElo "2373"]
[TimeControl "180+1"]
[EndTime "9:48:51 PST"]
[Termination "agvega14 won on time"]

1. e4 c5 2. Nf3 e6 3. c3 d5 4. exd5 Qxd5 5. d4 Nf6 6. Be3 Be7 7. Nbd2 O-O 8. Bc4 Qh5 9. O-O Nc6 10. Be2 Nd5 11.
Ne5 Nxe3 12. fxe3 Qg5 13. Nec4 cxd4 14. exd4 b6 15. Bf3 Bb7 16. Ne4 Qf4 17. Ned6 Bxd6 18. g3 Qg5 19. Nxd6 Qe7 20. Nxb7 Qxb7 21. Qa4 Rac8 22. Rad1 b5 23. Qb3 Qb6 24. Kh1 a5 25.
a4 b4 26. d5 Ne5 27. dxe6 fxe6 28. Bg2 Rxf1+ 29. Rxf1 h6 30. cxb4 axb4 31. a5 Qd6 32. a6 Nc4 33. a7 Nd2 34. Qd1 Nxf1 35. Qxd6 Ne3 36. Qb8 Kh7 37. Qxc8 1-0

[Event "Early-Titled-Tuesday-Blitz-January-30-2024"]
[Site "Chess.com"]
[Date "2024.01.30"]
[Round "9"]
[White "Shushik"]
[Black "KorolDimitriy75"]
[Result "0-1"]
[WhiteElo "2502"]
[BlackElo "2361"]
[TimeControl "180+1"]
[EndTime "9:48:52 PST"]
[Termination "KorolDimitriy75 won by resignation"]

1. e4 c5 2. Ne2 g6 3. g3 Bg7 4. Bg2 Nc6 5. c3 e5 6. O-O Nge7 7. Na3 O-O 8. d3 d6 9. Be3 h6 10. Nc2 f5 11. f4 Kh7 12. Qd2 Be6 13. Kh1 Qd7 14. fxe5 Nxe5 15. Nf4 Bg8 16. Nd5 Nxd5 17.
exd5 Rae8 18. Rae1 b6 19. b3 Re7 20. Bg1 Rfe8 21.
Ne3 Qb5 22. c4 Qd7 23. Qd1 h5 24. h3 Nf7 25. Bf3 Bd4 26. Ng2 Ng5 27. Bxd4 Rxe1 28. Nxe1 cxd4 29. Bxh5 Nxh3 30. Ng2 Qg7 31. Nh4 Bf7 32.
Nxf5 gxf5 33. Rxf5 Bg6 34. Bxg6+ Qxg6 35. Rh5+ Kg7 36.
Rxh3 Re3 37. Qf1 Qxd3 38. Qxd3 Rxd3 39. Rh2 Rxg3 40. Rg2 Rxg2 41. Kxg2 Kf6 42. Kf2 Kf5 43. Kf3 a6 44. b4 a5 45. c5 dxc5 46. d6 Ke6 47. bxc5 bxc5 48. Ke4 Kxd6 49. Kd3 Kd5 0-1

[Event "Early-Titled-Tuesday-Blitz-January-30-2024"]
[Site "Chess.com"]
[Date "2024.01.30"]
[Round "9"]
[White "MikaelyanArman"]
[Black "Anton_Demchenko"]
[Result "1-0"]
[WhiteElo "2860"]
[BlackElo "2932"]
[TimeControl "180+1"]
[EndTime "9:48:54 PST"]
[Termination "MikaelyanArman won on time"]

1. d4 Nf6 2. Nf3 g6 3. Nbd2 d5 4. e3 a5 5. c4 c6 6. Be2 Bg7 7. O-O O-O 8. b3 Bf5 9. Ba3 Re8 10. Rc1 e6 11. Nh4 Nbd7 12. h3 h5 13. cxd5 cxd5 14. Nxf5 exf5 15. Bb5 Re6 16. Qc2 Bf8 17. Bxf8 Nxf8 18.
Qc7 Re7 19. Qxd8 Rxd8 20. Nf3 Ne6 21. g3 Ne4 22. Ne5 Kg7 23. Rc2 h4 24. gxh4 Rh8 25. Nf3 f4 26. Bd3 fxe3 27. fxe3 Nd8 28. Rg2 Nc6 29.
Kh2 Nd6 30. Re1 Kf8 31. a3 Ke8 32. Rc2 Kd7 33. Kg3 Rhe8 34. Kf2 Rh8 35. Rec1 Ne4+ 36. Bxe4 dxe4 37. Nd2 Rxh4 38. d5 Ne5 39. Kg3 Rh5 40.
Nxe4 1-0

[Event "Early-Titled-Tuesday-Blitz-January-30-2024"]
[Site "Chess.com"]
[Date "2024.01.30"]
[Round "9"]
[White "VitaliyBernadskiy"]
[Black "Makswolf200817"]
[Result "1-0"]
[WhiteElo "2913"]
[BlackElo "2696"]
[TimeControl "180+1"]
[EndTime "9:48:54 PST"]
[Termination "VitaliyBernadskiy won by resignation"]

1. e4 e6 2. d3 d5 3. Nd2 Nf6 4. e5 Nfd7 5. f4 c5 6. Ndf3 Nc6 7. g3 b5 8. Bg2 Bb7 9. Nh3 Be7 10. O-O a5 11. c3 a4 12. a3 Qb6 13. Be3 h6 14. Bf2 Qa6 15. Qe2 Na5 16. Rae1 g6 17.
Kh1 Nb3 18. Bg1 Bc6 19. Nf2 Qb7 20. Rd1 O-O-O 21. d4 Kb8 22. Nd3 c4 23. Nb4 Rdg8 24. Ne1 Nb6 25. Nec2 Bd7 26. Be3 Nc8 27. Rf2 Bd8 28.
Rdf1 Ne7 29. Rf3 Nf5 30. Bg1 h5 31. Ne3 h4 32. g4 Nfxd4 33. cxd4 Nxd4 34. Qd1 Nxf3 35.
Bxf3 Bc6 36. Nec2 Be7 37. Qd4 Rc8 38. h3 Rhd8 39. Kh2 Be8 40. Qd2 f6 41. Nd4 fxe5 42. fxe5 Bd7 43. Bf2 Rf8 44. Bg2 Ka8 45. Qe1 Qc7 46. Na6 Qb6 47. Nb4 Qc7 48. Kg1 g5 49. Qe3 Bc5 50. Na6 Bxd4 51. Nxc7+ 1-0

[Event "Early-Titled-Tuesday-Blitz-January-30-2024"]
[Site "Chess.com"]
[Date "2024.01.30"]
[Round "9"]
[White "margarita_2703"]
[Black "Nouali_Mohamed"]
[Result "1-0"]
[WhiteElo "2348"]
[BlackElo "2488"]
[TimeControl "180+1"]
[EndTime "9:48:54 PST"]
[Termination "margarita_2703 won on time"]

1. e4 c5 2. Nf3 Nc6 3. c3 d5 4. exd5 Qxd5 5. d4 Bg4 6. Be2 e6 7. h3 Bh5 8. O-O Nf6 9. Be3 cxd4 10. Nxd4 Bxe2 11. Qxe2 Bc5 12. Nb5 Qe5 13. Nd2 O-O 14.
Nf3 Qf5 15. Bxc5 Qxc5 16. Nbd4 Nxd4 17. Nxd4 Rfe8 18. Nb3 Qb6 19. Rfd1 a5 20. Nd4 a4 21.
Nb5 Rad8 22. c4 Qc5 23. b3 axb3 24. axb3 e5 25. Rxd8 Rxd8 26. Rd1 Rxd1+ 27. Qxd1 g6 28. Qd8+ Kg7 29. Qd6 b6 30. Qd3 h5 31. Kf1 h4 32.
Nd6 Qa3 33. Kg1 Qc1+ 34. Qf1 Qf4 35. Qd1 g5 36. Nc8 g4 37. Nxb6 g3 38. Qe1 Ne4 39. f3 Nf2 40. Nd5 Qd4 41. Ne3 1-0

[Event "Early-Titled-Tuesday-Blitz-January-30-2024"]
[Site "Chess.com"]
[Date "2024.01.30"]
[Round "9"]
[White "Kaissa10"]
[Black "Darius321"]
[Result "0-1"]
[WhiteElo "2277"]
[BlackElo "2368"]
[TimeControl "180+1"]
[EndTime "9:48:54 PST"]
[Termination "Darius321 won on time"]

1. e4 c5 2. Nf3 g6 3. d4 cxd4 4. Nxd4 Bg7 5. c4 Nc6 6. Be3 Nf6 7. Nc3 Qa5 8. Qd3 Ne5 9. Qc2 d6 10. Be2 O-O 11. O-O b6 12. a3 Neg4 13. b4 Nxe3 14.
fxe3 Qg5 15. Qd2 Bg4 16. Rae1 Bxe2 17. Ncxe2 Rac8 18. Qd3 Ng4 19. Ng3 Ne5 20. Qb3 Nxc4 21. Nf3 Qb5 22. Re2 a5 23. Rc1 a4 24. Qa2 Ne5 25.
Rec2 Rxc2 26. Qxc2 Bh6 27. Nf1 Nxf3+ 28. gxf3 Qg5+ 29.
Kf2 Qh4+ 30. Kg2 f5 31. exf5 Rxf5 32. Ng3 Rd5 33. Re1 b5 34. Re2 Qc4 35. Qxc4 bxc4 36. Rc2 Rd3 37. Rxc4 Rxa3 38. b5 Bxe3 39. Ne4 d5 40.
Rc8+ Kf7 41. Ng3 Rb3 42. Ra8 a3 43. Nf1 Bc5 44. Kg3 Rxb5 0-1